[Event "ICCopen2017"]
[Site "Internet Chess Club"]
[Date "2017.03.19"]
[Round "4"]
[White "eltigrecu"]
[Black "BeerMeUpScotty"]
[Result "1-0"]
[ICCResult "Black resigns"]
[WhiteElo "1969"]
[BlackElo "1665"]
[Opening "French: classical, Steinitz variation"]
[ECO "C14"]
[NIC "FR.06"]
[Time "19:48:10"]
[TimeControl "180+0"]

1. d4 Nf6 2. Bg5 e6 3. e4 Be7 4. Nc3 d5 5. e5 Nfd7 6. Bxe7 Qxe7 7. f4 c5 8.
Nb5 cxd4 9. Nc7+ Kf8 10. Nxa8 Nc6 11. Nc7 a6 12. Nf3 Nb6 13. Nxa6 bxa6 14.
Nxd4 Nxd4 15. Qxd4 Qb7 16. Qb4+ Kg8 17. Be2 g6 18. O-O Bd7 19. a4 Qc7 20.
Bxa6 Kg7 21. Bb5 Bxb5 22. Qxb5 Nc4 23. b3 Ne3 24. Rf2 Qc3 25. Rc1 Nf5 26.
Qd3 Rc8 27. Qxc3 Rxc3 28. g4 Nd4 29. Kg2 f5 30. exf6+ Kxf6 31. h4 h6 32. a5
Nxb3 33. cxb3 Rxc1 34. Ra2 Rb1 35. a6 Rxb3 36. a7 {Black resigns} 1-0

[Event "ICCopen2017"]
[Site "Internet Chess Club"]
[Date "2017.03.19"]
[Round "4"]
[White "vbtry3"]
[Black "Pachec"]
[Result "1-0"]
[ICCResult "Black resigns"]
[WhiteElo "1681"]
[BlackElo "1374"]
[Opening "Sicilian defense"]
[ECO "B40"]
[NIC "SI.43"]
[Time "19:48:19"]
[TimeControl "180+0"]

1. e4 c5 2. Nf3 e6 3. c3 Nc6 4. d4 cxd4 5. cxd4 d6 6. Nc3 Nf6 7. Bd3 Be7 8.
O-O O-O 9. h3 a6 10. a3 Bd7 11. b4 Rc8 12. Bb2 Na7 13. Qe2 Re8 14. Rfe1 h6
15. Rad1 b5 16. e5 dxe5 17. dxe5 Nh7 18. Bxh7+ Kxh7 19. Qd3+ Kg8 20. Qxd7
Qxd7 21. Rxd7 Nc6 22. Nd4 Nd8 23. Ra7 Bg5 24. Ne4 Be7 25. Nd6 Bxd6 26. exd6
Rc4 27. d7 Rf8 28. Rxa6 f6 29. Nxe6 Nxe6 30. Rexe6 Rc2 31. Re8 Rxb2 32.
Rxf8+ {Black resigns} 1-0

[Event "ICCopen2017"]
[Site "Internet Chess Club"]
[Date "2017.03.19"]
[Round "4"]
[White "carpedef"]
[Black "KnightWalker"]
[Result "1-0"]
[ICCResult "Black resigns"]
[WhiteElo "1727"]
[BlackElo "1442"]
[Opening "Sicilian"]
[ECO "B50"]
[NIC "SI.01"]
[Time "19:48:17"]
[TimeControl "180+0"]

1. e4 c5 2. Nf3 d6 3. d3 Nc6 4. g3 Nf6 5. Bg2 Bg4 6. O-O e6 7. c3 Be7 8. h3
Bxf3 9. Bxf3 O-O 10. Kg2 Rb8 11. d4 cxd4 12. cxd4 e5 13. Be3 Qc7 14. Nc3 a6
15. d5 Nd8 16. Rc1 Qd7 17. Be2 b5 18. a3 Nb7 19. Qd2 h6 20. f4 Rbc8 21. fxe5
dxe5 22. Bxh6 g6 23. Bxf8 Kxf8 24. Qh6+ Ke8 25. Qh8+ Bf8 26. Qxf6 Nc5 27.
Bg4 Qc7 28. Bxc8 {Black resigns} 1-0

[Event "ICCopen2017"]
[Site "Internet Chess Club"]
[Date "2017.03.19"]
[Round "4"]
[White "Maxbet"]
[Black "mirpele-murpele"]
[Result "1-0"]
[ICCResult "Black resigns"]
[WhiteElo "2904"]
[BlackElo "2617"]
[Opening "Réti opening"]
[ECO "A04"]
[NIC "QP.11"]
[Time "19:49:13"]
[TimeControl "180+0"]

1. Nf3 g6 2. d4 Bg7 3. g3 d6 4. Bg2 Nf6 5. O-O O-O 6. b3 c6 7. Bb2 Qa5 8.
Nbd2 Qh5 9. e4 Bg4 10. Re1 Nbd7 11. Qe2 e5 12. Qf1 Rfe8 13. h3 Bxf3 14. Bxf3
Qh6 15. Nc4 Bf8 16. Rad1 Qg7 17. Bg2 Rad8 18. dxe5 Nxe5 19. Na5 Rb8 20. f4
Ned7 21. Nc4 Re6 22. g4 b5 23. Na5 Rb6 24. g5 Be7 25. gxf6 Bxf6 26. e5 dxe5
27. Rxd7 exf4 28. Rxe6 Bxb2 29. Re8+ {Black resigns} 1-0

[Event "ICCopen2017"]
[Site "Internet Chess Club"]
[Date "2017.03.19"]
[Round "4"]
[White "RebelJohnny"]
[Black "NEO2017"]
[Result "1-0"]
[ICCResult "Black checkmated"]
[WhiteElo "1969"]
[BlackElo "1777"]
[Opening "Bird's opening"]
[ECO "A02"]
[NIC "VO.07"]
[Time "19:48:04"]
[TimeControl "180+0"]

1. f4 f5 2. Nf3 Nf6 3. e3 g6 4. Be2 Bg7 5. b3 b6 6. Bb2 Bb7 7. O-O O-O 8. d3
d6 9. c4 h6 10. Nc3 Qe8 11. Qd2 a6 12. d4 Nbd7 13. d5 e5 14. fxe5 dxe5 15.
Qc2 e4 16. Nd4 Ne5 17. Ne6 Rf7 18. Nxg7 Rxg7 19. Nd1 Rd7 20. Qc3 Re7 21. Nf2
Kf7 22. Nh3 Qg8 23. Nf4 Nfg4 24. Bxg4 Nxg4 25. Ne6 Ke8 26. h3 f4 27. Rxf4 g5
28. Rf8+ Qxf8 29. Nxf8 Kxf8 30. hxg4 Rf7 31. Rf1 Rxf1+ 32. Kxf1 Ke7 33. Qg7+
Kd6 34. Be5+ Kc5 35. Qxc7+ Kb4 36. Qxb6+ Ka3 37. Qa5# {Black checkmated} 1-0

[Event "ICCopen2017"]
[Site "Internet Chess Club"]
[Date "2017.03.19"]
[Round "4"]
[White "bhaiju"]
[Black "CristianS"]
[Result "0-1"]
[ICCResult "White resigns"]
[WhiteElo "1716"]
[BlackElo "1999"]
[Opening "Scotch game"]
[ECO "C45"]
[NIC "SO.05"]
[Time "19:49:25"]
[TimeControl "180+0"]

1. e4 e5 2. Nf3 Nc6 3. d4 exd4 4. Nxd4 Bc5 5. Nxc6 Qf6 6. Qe2 dxc6 7. Nc3
Bg4 8. f3 Be6 9. Be3 Bb4 10. Bd2 O-O-O 11. a3 Bc5 12. Be3 Bd4 13. Bxd4 Qxd4
14. Rd1 Qb6 15. b3 Ne7 16. Qf2 Qa5 17. Qe3 Rxd1+ 18. Kxd1 Qxa3 19. Ke2 Rd8
20. Kf2 Qb2 21. Na4 Qxc2+ 22. Kg3 Qxb3 {White resigns} 0-1

[Event "ICCopen2017"]
[Site "Internet Chess Club"]
[Date "2017.03.19"]
[Round "4"]
[White "rjohnson812"]
[Black "wmanthony"]
[Result "1-0"]
[ICCResult "Black resigns"]
[WhiteElo "1405"]
[BlackElo "1286"]
[Opening "Colle system"]
[ECO "A45"]
[NIC "QP.07"]
[Time "19:48:08"]
[TimeControl "180+0"]

1. d4 Nf6 2. c3 d5 3. e3 e6 4. Nf3 c5 5. Bd3 Nc6 6. O-O Be7 7. Nbd2 O-O 8.
Qe2 a6 9. h3 b5 10. Re1 Bb7 11. Bc2 Bd6 12. dxc5 Bxc5 13. e4 dxe4 14. Nxe4
Ba7 15. Nxf6+ Qxf6 16. Qe4 g6 17. Bh6 Na5 18. Qg4 Bxf3 19. gxf3 Rfd8 20. Bg5
Qg7 21. Bxd8 Rxd8 22. Rad1 Ra8 23. Qb4 Nc4 24. b3 Qh6 25. bxc4 Qxh3 26. cxb5
Qg2+ 27. Kxg2 {Black resigns} 1-0

[Event "ICCopen2017"]
[Site "Internet Chess Club"]
[Date "2017.03.19"]
[Round "4"]
[White "flashlight"]
[Black "leonardoalmeida"]
[Result "1-0"]
[ICCResult "Black checkmated"]
[WhiteElo "2126"]
[BlackElo "1781"]
[Opening "Queen's pawn"]
[ECO "A40"]
[NIC "QO.17"]
[Time "19:48:43"]
[TimeControl "180+0"]

1. d4 e6 2. Nf3 d5 3. Bf4 a6 4. e3 Nf6 5. Nbd2 c5 6. c3 cxd4 7. exd4 Bd6 8.
Bg3 Bxg3 9. hxg3 h6 10. Bd3 Nbd7 11. Qe2 b5 12. O-O O-O 13. Rfe1 Bb7 14. Ne5
Nxe5 15. dxe5 Nd7 16. Nf3 Rc8 17. Nd4 Qb6 18. a3 Rfe8 19. Qh5 Nf8 20. g4 Rc4
21. Re3 Rxd4 22. cxd4 Qxd4 23. g5 hxg5 24. Rh3 f6 25. Qxe8 f5 26. Rc1 g4 27.
Rc7 gxh3 28. Qf7+ Kh8 29. Qxg7# {Black checkmated} 1-0

[Event "ICCopen2017"]
[Site "Internet Chess Club"]
[Date "2017.03.19"]
[Round "4"]
[White "Ohanessian"]
[Black "bugsino"]
[Result "1-0"]
[ICCResult "Black checkmated"]
[WhiteElo "2088"]
[BlackElo "1710"]
[Opening "Sicilian defense"]
[ECO "B30"]
[NIC "SI.31"]
[Time "19:48:05"]
[TimeControl "180+0"]

1. e4 c5 2. Nf3 Nc6 3. Nc3 g6 4. Bc4 Bg7 5. O-O e6 6. d4 cxd4 7. Nb5 d6 8.
c3 dxc3 9. Nxd6+ Kf8 10. bxc3 Bxc3 11. Ba3 Kg7 12. Rc1 Bf6 13. e5 Be7 14.
Re1 h5 15. Qd2 Nh6 16. Qf4 Nf5 17. Nxf5+ gxf5 18. Red1 Qa5 19. Bxe7 Nxe7 20.
Qg5+ Kf8 21. Qf6 Rg8 22. Ng5 Rg7 23. Bxe6 Nc6 24. Bxf7 Rxg5 25. Bb3+ Ke8 26.
Qf7# {Black checkmated} 1-0

[Event "ICCopen2017"]
[Site "Internet Chess Club"]
[Date "2017.03.19"]
[Round "4"]
[White "Indiana-Jones"]
[Black "COMBINATOR35"]
[Result "1-0"]
[ICCResult "Black resigns"]
[WhiteElo "2726"]
[BlackElo "2385"]
[Opening "English: symmetrical, main line with d4"]
[ECO "A39"]
[NIC "EO.26"]
[Time "19:48:55"]
[TimeControl "180+0"]

1. Nf3 c5 2. c4 g6 3. Nc3 Bg7 4. g3 Nc6 5. Bg2 Nf6 6. O-O O-O 7. d4 cxd4 8.
Nxd4 Qb6 9. Nc2 d6 10. b3 Bf5 11. Bb2 Rfc8 12. Ne3 Be6 13. Qd2 a6 14. Rac1
Rab8 15. Rfd1 Kf8 16. h3 Qa5 17. Ned5 Bxd5 18. Nxd5 Qxd2 19. Rxd2 Nxd5 20.
Bxd5 Bxb2 21. Rxb2 e6 22. Bg2 Ke7 23. Kf1 b5 24. cxb5 axb5 25. Rxc6 Rxc6 26.
Bxc6 d5 27. a4 bxa4 28. Bxa4 Kd6 29. Rc2 f5 30. f4 Rb7 31. Rc6+ Ke7 32. e3
h6 33. Ke2 g5 34. Kd3 Rb4 35. Rc7+ Kf6 36. Rh7 Kg6 37. Ra7 Kf6 38. Ra6 Ke7
39. Ra5 Kf6 40. Rb5 Re4 41. Rb6 gxf4 42. gxf4 d4 43. exd4 Rxf4 44. Bd7 Re4
45. Rxe6+ Rxe6 46. Bxe6 Kxe6 47. b4 Kd5 48. b5 f4 49. Ke2 {Black resigns}
1-0

[Event "ICCopen2017"]
[Site "Internet Chess Club"]
[Date "2017.03.19"]
[Round "4"]
[White "manusupergm2001"]
[Black "Revolutions"]
[Result "0-1"]
[ICCResult "White resigns"]
[WhiteElo "2106"]
[BlackElo "1805"]
[Opening "Van't Kruijs opening"]
[ECO "A00"]
[Time "19:49:09"]
[TimeControl "180+0"]

1. e3 c5 2. d4 d5 3. Nf3 Nc6 4. Bb5 Nf6 5. O-O e6 6. Ne5 Bd7 7. Bxc6 Bxc6 8.
c3 Bd6 9. f4 O-O 10. Nxc6 bxc6 11. Nd2 cxd4 12. exd4 Rb8 13. b4 a5 14. a3
axb4 15. axb4 Ra8 16. Bb2 Qb6 17. Nf3 c5 18. dxc5 Bxc5+ 19. Kh1 Bd6 20. Ne5
Bxe5 21. fxe5 Ne4 22. Qe2 Rxa1 23. Bxa1 Ra8 24. g3 Qc7 25. Rc1 Qxe5 26. c4
Nxg3+ {White resigns} 0-1

[Event "ICCopen2017"]
[Site "Internet Chess Club"]
[Date "2017.03.19"]
[Round "4"]
[White "notetengomiedo"]
[Black "schakeri"]
[Result "1-0"]
[ICCResult "Black checkmated"]
[WhiteElo "1629"]
[BlackElo "1798"]
[Opening "Lengfellner system"]
[ECO "C01"]
[NIC "FR.01"]
[Time "19:48:20"]
[TimeControl "180+0"]

1. e4 e6 2. d4 d6 3. Nc3 c5 4. Nf3 cxd4 5. Nxd4 Nc6 6. Be3 Nge7 7. f3 Nxd4
8. Bxd4 Nc6 9. Be3 Be7 10. Qd2 O-O 11. g4 Ne5 12. Bg2 Nc4 13. Qd3 Nxe3 14.
Qxe3 b6 15. O-O-O e5 16. Nd5 Bg5 17. f4 exf4 18. Nxf4 Bxg4 19. Rdf1 Rc8 20.
Kb1 Qc7 21. Qd3 Rfd8 22. Nd5 Qc5 23. h4 Bh6 24. Bf3 Be6 25. Nc3 Bc4 26. Qd1
Bxf1 27. Qxf1 b5 28. Qg2 b4 29. Nd5 Kf8 30. Bg4 Rc6 31. Rf1 b3 32. axb3 Re8
33. Bf5 f6 34. Bxh7 a5 35. Rxf6+ gxf6 36. Qg8# {Black checkmated} 1-0

[Event "ICCopen2017"]
[Site "Internet Chess Club"]
[Date "2017.03.19"]
[Round "4"]
[White "manitodeplomo"]
[Black "UnderArmour"]
[Result "1-0"]
[ICCResult "Black checkmated"]
[WhiteElo "2570"]
[BlackElo "1896"]
[Opening "QGD: 4.Nf3"]
[ECO "D37"]
[NIC "QI.01"]
[Time "19:48:57"]
[TimeControl "180+0"]

1. Nf3 Nf6 2. c4 e6 3. d4 d5 4. Nc3 Be7 5. Bg5 O-O 6. Qc2 h6 7. Bxf6 Bxf6 8.
O-O-O a6 9. e4 dxe4 10. Nxe4 Nd7 11. h4 b5 12. c5 c6 13. g4 Qa5 14. g5 Be7
15. gxh6 g6 16. Kb1 f5 17. Neg5 Nf6 18. Ne5 Nd5 19. Nxg6 Bxg5 20. hxg5 Nb4
21. Qb3 Rf7 22. Ne5 Rc7 23. g6 Bb7 24. Qxe6+ Kh8 25. Qf6+ Kg8 26. h7+ Rxh7
27. gxh7# {Black checkmated} 1-0

[Event "ICCopen2017"]
[Site "Internet Chess Club"]
[Date "2017.03.19"]
[Round "4"]
[White "antons697"]
[Black "jajaba"]
[Result "0-1"]
[ICCResult "White resigns"]
[WhiteElo "1457"]
[BlackElo "1837"]
[Opening "KP: Nimzovich defense"]
[ECO "B00"]
[NIC "VO.04"]
[Time "19:49:00"]
[TimeControl "180+0"]

1. e4 Nc6 2. Nc3 Nf6 3. d3 e5 4. Nf3 Bb4 5. Be2 d6 6. Bd2 Be6 7. a3 Ba5 8.
O-O O-O 9. Nb5 Bb6 10. Nc3 Bg4 11. h3 Bxf3 12. Bxf3 Nd4 13. Be3 c6 14. Bxd4
Bxd4 15. Rb1 b5 16. Ne2 Bb6 17. c3 a5 18. Ng3 g6 19. Qd2 Kg7 20. Qg5 Kh8 21.
h4 Ng8 22. Qd2 Qxh4 23. d4 Rad8 24. dxe5 Qxg3 25. Qe2 Qxe5 {White resigns}
0-1

[Event "ICCopen2017"]
[Site "Internet Chess Club"]
[Date "2017.03.19"]
[Round "4"]
[White "hecan58"]
[Black "Brothersinarms"]
[Result "0-1"]
[ICCResult "White forfeits on time"]
[WhiteElo "1362"]
[BlackElo "1748"]
[Opening "Center game"]
[ECO "C21"]
[NIC "KP.04"]
[Time "19:48:05"]
[TimeControl "180+0"]

1. e4 e5 2. d4 exd4 3. Nf3 Bc5 4. Bc4 Nf6 5. O-O O-O 6. e5 d5 7. exf6 dxc4
8. fxg7 Re8 9. Bg5 Qd5 10. Nc3 Qf5 11. Nb5 Na6 12. Nbxd4 Qg4 13. h3 Qh5 14.
Bf6 Bxh3 15. gxh3 Qxh3 16. Nh2 Bd6 17. Ndf3 Re6 18. Qd4 Rd8 19. Qh4 Bxh2+
20. Nxh2 Qxh4 {White forfeits on time} 0-1

[Event "ICCopen2017"]
[Site "Internet Chess Club"]
[Date "2017.03.19"]
[Round "4"]
[White "MATEPROOF"]
[Black "Anneay"]
[Result "0-1"]
[ICCResult "White resigns"]
[WhiteElo "1922"]
[BlackElo "2518"]
[Opening "QGD Slav: exchange variation"]
[ECO "D13"]
[NIC "SL.02"]
[Time "19:48:55"]
[TimeControl "180+0"]

1. Nf3 d5 2. d4 Nf6 3. c4 c6 4. cxd5 cxd5 5. Nc3 e6 6. Bf4 Bd6 7. Ne5 O-O 8.
e3 Nbd7 9. Nxf7 Rxf7 10. Bxd6 Ne4 11. Nxe4 dxe4 12. Be2 Nf6 13. Be5 Nd5 14.
O-O Bd7 15. Qc2 Bc6 16. Bg4 Qd7 17. Qc5 Raf8 18. Qd6 Qxd6 19. Bxd6 Re8 20.
Rac1 Rf6 21. g3 Rd8 22. Be5 Rg6 23. Bh3 Nb4 24. Rfd1 Nxa2 25. Ra1 Nb4 26.
Rxa7 Nd3 27. Rd2 Nxe5 28. Rc2 Nf3+ 29. Kg2 Ne1+ {White resigns} 0-1

[Event "ICCopen2017"]
[Site "Internet Chess Club"]
[Date "2017.03.19"]
[Round "4"]
[White "ROWLAND"]
[Black "DEHO"]
[Result "0-1"]
[ICCResult "White checkmated"]
[WhiteElo "1454"]
[BlackElo "2205"]
[Opening "Scandinavian: Pytel-Wade variation"]
[ECO "B01"]
[NIC "SD.02"]
[Time "19:48:19"]
[TimeControl "180+0"]

1. e4 d5 2. exd5 Qxd5 3. Nc3 Qd6 4. d4 Nf6 5. h3 c6 6. Nf3 Bf5 7. g3 e6 8.
Bg2 h6 9. Bf4 Qd8 10. O-O Be7 11. Re1 O-O 12. Ne5 Nbd7 13. Nxd7 Qxd7 14. Ne4
Nxe4 15. Bxe4 Bxh3 16. c3 Rad8 17. Qh5 Bf5 18. Bxf5 exf5 19. Re5 Bd6 20.
Rxf5 g6 21. Qg4 Qxf5 22. Qxf5 gxf5 23. Bxh6 Rfe8 24. Kg2 Re2 25. Bg5 Be7 26.
Bf4 Rxb2 27. Be5 f6 28. Bc7 Rd7 29. Bf4 Bd6 30. Be3 Re7 31. Re1 f4 32. gxf4
Bxf4 33. Kf3 Bxe3 34. fxe3 Rxa2 35. e4 Rc2 36. Re3 a5 37. Kf4 a4 38. e5
fxe5+ 39. dxe5 a3 40. Kf5 a2 41. Kf6 Rf7+ 42. Ke6 a1=Q 43. Kd6 Qd1+ 44. Kc5
Qd5+ 45. Kb4 Rb2+ 46. Ka3 Qb3# {White checkmated} 0-1

[Event "ICCopen2017"]
[Site "Internet Chess Club"]
[Date "2017.03.19"]
[Round "4"]
[White "EngHany"]
[Black "Alright2015"]
[Result "0-1"]
[ICCResult "White checkmated"]
[WhiteElo "1841"]
[BlackElo "2263"]
[Opening "Budapest: Rubinstein variation"]
[ECO "A52"]
[NIC "QG.01"]
[Time "19:48:17"]
[TimeControl "180+0"]

1. d4 Nf6 2. c4 e5 3. dxe5 Ng4 4. Bf4 g5 5. Bg3 Bg7 6. Nf3 Nc6 7. Nc3 Ngxe5
8. Nxe5 Nxe5 9. e3 d6 10. h3 Be6 11. Be2 O-O 12. Qa4 f5 13. f4 Ng6 14. O-O
g4 15. hxg4 fxg4 16. Rad1 h5 17. f5 Bxf5 18. Qb5 Qg5 19. Nd5 c6 20. Qxb7
cxd5 21. Qxd5+ Kh7 22. e4 Qe3+ 23. Bf2 Qxe4 24. Qxe4 Bxe4 25. Rxd6 Rad8 26.
Rxd8 Rxd8 27. b3 Rd2 28. Re1 Be5 29. Bxa7 Nf4 30. Bf1 Nh3+ 31. gxh3 Bh2#
{White checkmated}
0-1

[Event "ICCopen2017"]
[Site "Internet Chess Club"]
[Date "2017.03.19"]
[Round "4"]
[White "Balderdash"]
[Black "Sc6"]
[Result "0-1"]
[ICCResult "White forfeits on time"]
[WhiteElo "1101"]
[BlackElo "1582"]
[Opening "Sicilian defense"]
[ECO "B20"]
[NIC "SI.48"]
[Time "19:48:04"]
[TimeControl "180+0"]

1. e4 c5 2. Bc4 d6 3. c3 e6 4. d4 Nd7 5. d5 e5 6. Nf3 Ngf6 7. Nbd2 Be7 8.
Qe2 O-O 9. Nh4 a6 10. Nf5 Nb6 11. Nxe7+ Qxe7 12. Bd3 Nbd7 13. Nf3 Ng4 14. h3
Ngf6 15. Qc2 b5 16. c4 bxc4 17. Bxc4 a5 18. Bb5 Ba6 19. Bc6 Ra7 20. Qa4 Bd3
21. Bg5 h6 22. Bxf6 Nxf6 23. Rd1 Bxe4 24. Nd2 Bd3 25. Nb3 e4 26. Nxa5 Qc7
27. b4 cxb4 28. Rc1 Qxa5 29. Qb3 Qxa2 30. Qxa2 Rxa2 31. f3 Re2+ 32. Kd1 b3
33. Re1 Rxg2 34. Ba4 Bc2+ 35. Rxc2 bxc2+ 36. Kc1 Rc8 37. Bxc2 Rgxc2+ 38. Kd1
exf3 {White forfeits on time} 0-1

[Event "ICCopen2017"]
[Site "Internet Chess Club"]
[Date "2017.03.19"]
[Round "4"]
[White "AAntonioEu"]
[Black "charlestehace"]
[Result "0-1"]
[ICCResult "White resigns"]
[WhiteElo "2039"]
[BlackElo "3205"]
[Opening "Sicilian: Canal-Sokolsky (Nimzovich-Rossolimo, Moscow) attack"]
[ECO "B51"]
[NIC "SI.01"]
[Time "19:48:22"]
[TimeControl "180+0"]

1. e4 c5 2. Nf3 d6 3. Bb5+ Nd7 4. d4 cxd4 5. Qxd4 Nf6 6. Nc3 a6 7. Bxd7+
Bxd7 8. Bg5 e5 9. Qd3 h6 10. Bxf6 Qxf6 11. Nd5 Qd8 12. O-O Rc8 13. c3 Bb5
14. Qe3 Bxf1 15. Rxf1 Be7 16. Rd1 O-O 17. Kh1 Rc6 18. Ng1 Bg5 19. Qd3 Qd7
20. Ne2 b5 21. Ng3 g6 22. Ne2 Kg7 23. g3 Bd8 24. f4 exf4 25. gxf4 f5 26. Rg1
fxe4 27. Qxe4 Qf5 28. Qg2 Rc5 29. Nd4 Qxd5 30. Nf3 Qe4 31. Re1 Qxf4
{White resigns}
0-1

[Event "ICCopen2017"]
[Site "Internet Chess Club"]
[Date "2017.03.19"]
[Round "4"]
[White "Nos"]
[Black "LiangLiang"]
[Result "1-0"]
[ICCResult "Black resigns"]
[WhiteElo "2213"]
[BlackElo "1787"]
[Opening "English: Neo-Catalan"]
[ECO "A13"]
[NIC "QP.11"]
[Time "19:48:55"]
[TimeControl "180+0"]

1. Nf3 Nf6 2. c4 e6 3. g3 d5 4. b3 Be7 5. Bb2 O-O 6. Bg2 c5 7. cxd5 exd5 8.
d4 Be6 9. O-O Nbd7 10. Nc3 Rc8 11. Rc1 b6 12. e3 Re8 13. Qe2 c4 14. bxc4
Rxc4 15. Nd2 Rc8 16. Nb5 a6 17. Na7 Rc7 18. Qxa6 Nb8 19. Qa4 Bd7 20. Nb5
Rxc1 21. Rxc1 Bc6 22. Qb3 Qd7 23. Nc3 b5 24. Nf3 Rc8 25. Ne5 Qd6 26. Nxb5
Qe6 27. Na7 Rc7 28. Qxb8+ {Black resigns} 1-0

[Event "ICCopen2017"]
[Site "Internet Chess Club"]
[Date "2017.03.19"]
[Round "4"]
[White "icewoman"]
[Black "airantrobo"]
[Result "0-1"]
[ICCResult "White checkmated"]
[WhiteElo "1057"]
[BlackElo "1551"]
[Opening "Queen's pawn game, Rubinstein (Colle-Zukertort) variation"]
[ECO "A46"]
[NIC "QP.06"]
[Time "19:48:51"]
[TimeControl "180+0"]

1. d4 Nf6 2. Nf3 e6 3. e3 c5 4. Bd3 d5 5. b3 Nc6 6. Bb2 Qc7 7. O-O b6 8.
Nbd2 Bb7 9. Ne5 Be7 10. f4 cxd4 11. exd4 Nxe5 12. fxe5 Nd7 13. Qe2 O-O-O 14.
Rac1 f6 15. a3 fxe5 16. dxe5 Rhf8 17. Nf3 g5 18. c4 Bc5+ 19. Kh1 g4 20. Ng5
Rxf1+ 21. Rxf1 dxc4 22. bxc4 Kb8 23. Qxg4 Nf8 24. Nxe6 Nxe6 25. Qxe6 Rxd3
26. Qe8+ Rd8 27. Qe6 Qc6 28. Qe7 Qxg2# {White checkmated} 0-1

[Event "ICCopen2017"]
[Site "Internet Chess Club"]
[Date "2017.03.19"]
[Round "4"]
[White "ComeonJimtal"]
[Black "pabrazilian"]
[Result "1-0"]
[ICCResult "Black checkmated"]
[WhiteElo "1715"]
[BlackElo "1399"]
[Opening "Sicilian: wing gambit, Carlsbad variation"]
[ECO "B20"]
[NIC "SI.48"]
[Time "19:49:42"]
[TimeControl "180+0"]

1. e4 c5 2. b4 cxb4 3. a3 bxa3 4. Bxa3 d6 5. d4 e6 6. Bd3 Nc6 7. c3 Be7 8.
f4 Nf6 9. Nd2 O-O 10. Ngf3 a6 11. O-O b5 12. e5 Nd5 13. exd6 Bxd6 14. Bxd6
Qxd6 15. Bxh7+ Kxh7 16. Ng5+ Kg6 17. Qg4 Rh8 18. Nge4+ Kh7 19. Nxd6 f5 20.
Qh5+ Kg8 21. Qf7+ Kh7 22. Nf3 Nf6 23. Ng5+ Kh6 24. Nxc8 Raxc8 25. Nxe6 Rhg8
26. Rf3 g6 27. Qxf6 Rcf8 28. Rh3# {Black checkmated} 1-0

[Event "ICCopen2017"]
[Site "Internet Chess Club"]
[Date "2017.03.19"]
[Round "4"]
[White "GiantHulk"]
[Black "kurumania"]
[Result "0-1"]
[ICCResult "White checkmated"]
[WhiteElo "2135"]
[BlackElo "2816"]
[Opening "Nimzovich-Larsen attack: modern variation"]
[ECO "A01"]
[NIC "VO.08"]
[Time "19:49:14"]
[TimeControl "180+0"]

1. b3 e5 2. Bb2 Nc6 3. e3 Nf6 4. Nf3 e4 5. Nd4 Bc5 6. Nxc6 dxc6 7. Be2 Qe7
8. O-O Bf5 9. d4 Bd6 10. c4 c5 11. dxc5 Bxc5 12. Nc3 c6 13. Na4 Bd6 14. c5
Bc7 15. h3 h5 16. Qc2 O-O-O 17. Rfd1 Nd5 18. a3 Rh6 19. Kf1 Rg6 20. Bxh5 Rh6
21. Bg4 Bxg4 22. hxg4 Qe6 23. Rxd5 Rxd5 24. Nc3 Rh1+ 25. Ke2 Qxg4+ 26. f3
Qxg2# {White checkmated} 0-1

[Event "ICCopen2017"]
[Site "Internet Chess Club"]
[Date "2017.03.19"]
[Round "4"]
[White "Kronus"]
[Black "juandeperea"]
[Result "1-0"]
[ICCResult "Black resigns"]
[WhiteElo "1568"]
[BlackElo "1913"]
[Opening "Sicilian: closed, 2...Nc6"]
[ECO "B23"]
[NIC "SI.44"]
[Time "19:48:05"]
[TimeControl "180+0"]

1. e4 c5 2. Nc3 Nc6 3. d3 g6 4. f4 Bg7 5. Nf3 e6 6. h3 Nge7 7. g4 f5 8. Bg2
O-O 9. O-O d6 10. Qe1 Rb8 11. a4 a6 12. Ne2 b5 13. axb5 axb5 14. Ng3 e5 15.
gxf5 exf4 16. Bxf4 gxf5 17. Ng5 Nd4 18. Qd2 Ng6 19. exf5 Bxf5 20. c3 Nxf4
21. Rxf4 Qxg5 22. cxd4 Bxd4+ 23. Kh2 Bg6 24. Rxf8+ Rxf8 25. Qxg5 Be5 26.
Bd5+ Kg7 27. Rg1 Rf2+ 28. Rg2 Rf6 29. Kh1 Kf8 30. Ne4 Rf1+ 31. Rg1 Rf4 32.
Qd8+ Kg7 33. Qg8+ Kh6 34. Rg4 Rxg4 35. hxg4 {Black resigns} 1-0

[Event "ICCopen2017"]
[Site "Internet Chess Club"]
[Date "2017.03.19"]
[Round "4"]
[White "Mercury"]
[Black "skewerd"]
[Result "1-0"]
[ICCResult "Black resigns"]
[WhiteElo "2229"]
[BlackElo "1699"]
[Opening "English: symmetrical, hedgehog system"]
[ECO "A05"]
[NIC "EO.39"]
[Time "19:48:11"]
[TimeControl "180+0"]

1. Nf3 Nf6 2. c4 e6 3. g3 b6 4. Bg2 Bb7 5. O-O Be7 6. Nc3 c5 7. d4 cxd4 8.
Qxd4 d6 9. Bg5 Nbd7 10. Nb5 Nc5 11. Rad1 Nce4 12. Bxf6 gxf6 13. Nd2 Nc5 14.
Bxb7 Nxb7 15. Ne4 O-O 16. b3 f5 17. Nexd6 Nxd6 18. Nxd6 Bf6 19. Qf4 Qe7 20.
Rd3 Rfd8 21. Rfd1 a6 22. h4 Rd7 23. e4 fxe4 24. Nxe4 Rad8 25. Rxd7 Rxd7 26.
Rxd7 {Black resigns} 1-0

[Event "ICCopen2017"]
[Site "Internet Chess Club"]
[Date "2017.03.19"]
[Round "4"]
[White "ramezsamir"]
[Black "Fischerboy"]
[Result "1-0"]
[ICCResult "Black resigns"]
[WhiteElo "1978"]
[BlackElo "1602"]
[Opening "Philidor: Improved Hanham variation"]
[ECO "B07"]
[NIC "PU.08"]
[Time "19:48:12"]
[TimeControl "180+0"]

1. e4 d6 2. d4 Nf6 3. Nc3 Nbd7 4. Nf3 e5 5. Bc4 c6 6. dxe5 dxe5 7. Ng5 Nb6
8. Qxd8+ Kxd8 9. Nxf7+ Kc7 10. Nxh8 Nxc4 11. Nf7 Bb4 12. O-O Bxc3 13. bxc3
Nxe4 14. Re1 Nxc3 15. Nxe5 Nxe5 16. Rxe5 Bg4 17. h3 Bd7 18. Bb2 Nd5 19. c4
Nf6 20. Re7 Re8 21. Bxf6 gxf6 22. Rae1 Rxe7 23. Rxe7 Kd6 24. Rxh7 a5 25. h4
b5 26. c5+ Ke6 27. h5 Be8 28. h6 Bg6 29. Rg7 Bf5 30. g4 Bb1 31. f4 a4 32.
f5+ Kd5 33. h7 Bxa2 34. h8=Q Kxc5 35. Qf8+ Kd4 36. Qxf6+ Kd3 37. Rd7+ Kc2
38. Qxc6+ Bc4 39. Qg2+ Kb3 40. Rd4 a3 41. Rxc4 bxc4 42. Qb7+ Kc2 43. Qa6 Kb2
44. Qxc4 a2 45. Qxa2+ Kxa2 46. f6 {Black resigns} 1-0

[Event "ICCopen2017"]
[Site "Internet Chess Club"]
[Date "2017.03.19"]
[Round "4"]
[White "bythebook"]
[Black "Chamanx"]
[Result "0-1"]
[ICCResult "White checkmated"]
[WhiteElo "1589"]
[BlackElo "1298"]
[Opening "Ruy Lopez: closed, 7...O-O"]
[ECO "C88"]
[NIC "RL.17"]
[Time "19:49:42"]
[TimeControl "180+0"]

1. e4 e5 2. Nf3 Nc6 3. Bb5 a6 4. Ba4 Nf6 5. O-O b5 6. Bb3 Be7 7. Re1 O-O 8.
d3 d5 9. exd5 Nxd5 10. Nxe5 Nxe5 11. Rxe5 Nf6 12. Nd2 Bd6 13. Re1 Ng4 14. h3
Qf6 15. hxg4 Qh4 16. Nf1 Bxg4 17. Qd2 Rae8 18. Rxe8 Rxe8 19. Qg5 Bh2+ 20.
Nxh2 Re1+ 21. Nf1 Rxf1+ 22. Kxf1 Qh1# {White checkmated} 0-1